AoeStats
← faerik

Black Forest

505897442Analyzed
2v2 RM · 21d ago on Sep 11, 2026· 44m 6s· 4 players
Game mode
Random Map
Map size
Medium (4 player)
Population
200
Speed
Normal
Resources
Standard
Victory
Conquest
Starting age
Dark Age
Ending age
Imperial Age
RankedLock teamsTeams togetherTeam positionsShared explorationLock speedFull tech treeHidden civsTurbo modeCheats
Victory
Defeat
🇦🇷 Huns · Argentina
703
+10
🇩🇪 Lithuanians · Germany
617
+27
🇦🇷 Teutons · Argentina
596
-13
🇦🇷 Britons · Argentina
537
-11
FrankSteel9190
15:36 Feudal Age
20:38 Castle Age
20:09 Wheelbarrow
19:57 Horse Collar
22:30 Double-Bit Axe
27:11 Bow Saw
28:07 Hand Cart
29:24 Caravan
28:51 Pikeman
30:46 Hill Forts
30:54 Squires
34:10 Forging
34:01 Scale Mail Armor
33:51 Fletching
34:02 Padded Archer Armor
34:07 Scale Barding Armor
35:46 Ballistics
35:08 Treadmill Crane
35:39 Masonry
35:41 Heavy Plow
35:28 Man-at-Arms
36:12 Husbandry
36:24 Bloodlines
42:22 Imperial Age
39:43 Town Watch
39:47 Loom
39:27 Long Swordsman
42:12 Bloodlines
42:42 Chain Barding Armor
42:59 Iron Casting
42:19 Bodkin Arrow
42:40 Chain Mail Armor
42:41 Leather Archer Armor
42:27 Murder Holes
42:34 Elite Leitis
43:39 Conscription
mxmauchjob
10:38 Feudal Age
15:35 Castle Age
14:55 Loom
16:05 Double-Bit Axe
16:03 Horse Collar
20:58 Stone Mining
22:37 Gold Mining
27:02 Scale Mail Armor
27:13 Forging
28:50 Pikeman
36:46 Imperial Age
34:28 Squires
38:09 Iron Casting
38:12 Elite Skirmisher
38:58 Thumb Ring
43:03 Scale Barding Armor
43:58 Blast Furnace
42:57 Light Cavalry
43:48 Bloodlines
faerik
0:49 Loom
13:04 Feudal Age
14:01 Double-Bit Axe
19:42 Wheelbarrow
19:08 Stone Mining
19:11 Gold Mining
19:06 Horse Collar
21:14 Forging
21:05 Scale Mail Armor
23:44 Castle Age
22:13 Arson
24:11 Bloodlines
24:34 Scale Barding Armor
25:05 Iron Casting
24:49 Chain Mail Armor
25:14 Iron Casting
26:50 Stone Shaft Mining
27:25 Heavy Plow
27:41 Bow Saw
33:13 Hand Cart
41:27 Imperial Age
39:24 Fortified Wall
39:36 Scale Barding Armor
Mario Roberto Santucho
1:02 Loom
13:04 Feudal Age
13:52 Double-Bit Axe
14:13 Man-at-Arms
21:40 Wheelbarrow
23:05 Forging
29:34 Castle Age
31:24 Hand Cart
31:14 Squires
30:35 Long Swordsman
31:54 Iron Casting
31:34 Bow Saw
31:10 Horse Collar
33:09 Gold Mining
33:10 Stone Mining
35:28 Town Watch
41:16 Murder Holes
41:42 Ballistics
43:56 Imperial Age
42:24 Pikeman
Connection lost

Rejoining the realm…

Still unreachable

The connection could not be restored.

Session expired

The server has moved on; the page needs a fresh start.